Map: [ESL] Tropical Sacrifice

Players

Solar - Winner!

  • Race: Zerg Zerg
  • Spawn Location: 7:00

Nice

  • Race: Protoss Protoss
  • Spawn Location: 1:00

Event: DreamHack SC2 Masters 2022 Valencia

VOD

Have the link to the VOD?

Description

Time

  • Played on: July 1, 2022, 12:55 p.m.
  • Length: 11:26

All games in this series

Show
View Real Time Build Order
Export as new Build Order

Solar Zerg - Winner!

Build Orders: Hatch First 

Get SALT Encoding   

  12  0:00  Drone  
  13  0:12  Overlord  
  13  0:17  Drone  
  14  0:31  Drone x2  
  16  0:43  Drone  
  17  0:53  Hatchery  
  17  0:55  Drone  
  17  0:59  Drone  
  18  1:09  Extractor  
  17  1:14  Spawning Pool  
  17  1:17  Drone  
  17  1:21  Drone  
  18  1:28  Drone  
  19  1:40  Drone  
  20  1:49  Overlord  
  20  2:01  Queen  
  20  2:04  Queen  
  20  2:05  Zergling x4  
  26  2:12  Metabolic Boost  
  26  2:14  Drone  
  26  2:15  Drone  
  28  2:25  Drone  
  28  2:26  Drone  
  30  2:40  Hatchery  
  30  2:42  Zergling x2  
  30  2:45  Drone  
  30  2:50  Queen  
  33  2:55  Overlord  
  33  2:58  Drone  
  34  3:02  Drone  
  34  3:04  Drone  
  36  3:12  Drone  
  35  3:14  Drone x4  
  39  3:20  Queen  
  39  3:23  Drone  
  39  3:25  Drone  
  43  3:30  Overlord  
  43  3:33  Drone  
  44  3:40  Spore Crawler  
  44  3:41  Drone  
  44  3:48  Overlord, Queen  
  46  3:51  Drone x2  
  46  3:54  Evolution Chamber  
  46  3:55  Drone  
  48  3:57  Drone  
  48  4:02  Queen  
  50  4:09  Spore Crawler  
  50  4:10  Drone x2  
  50  4:12  Drone  
  50  4:14  Drone x2  
  54  4:20  Drone x2  
  54  4:21  Zerg Melee Weapons Level 1  
  54  4:23  Drone  
  57  4:25  Drone  
  57  4:28  Overlord  
  57  4:30  Drone  
  59  4:31  Drone  
  59  4:33  Drone  
  59  4:35  Drone  
  59  4:36  Drone  
  59  4:37  Drone  
  64  4:39  Drone  
  62  4:47  Drone  
  62  4:48  Zergling x2  
  62  4:49  Zergling x2  
  62  4:50  Lair, Zergling x2  
  62  4:51  Zergling x2  
  67  4:53  Zergling x2  
  67  4:58  Roach Warren  
  67  5:00  Drone x2  
  67  5:03  Extractor  
  67  5:04  Overlord  
  67  5:05  Extractor  
  67  5:06  Drone x2  
  69  5:10  Drone x4  
  72  5:16  Drone x2  
  72  5:18  Drone x2  
  74  5:23  Spore Crawler  
  74  5:24  Drone x2  
  74  5:25  Drone  
  74  5:26  Drone  
  74  5:28  Queen  
  76  5:32  Zergling x2  
  76  5:34  Extractor x2, Zergling x8  
  79  5:38  Drone x2  
  79  5:39  Overlord  
  79  5:40  Overlord  
  81  5:45  Zergling x2  
  79  5:53  Drone x3  
  82  5:57  Overlord  
  82  5:58  Drone x2  
  82  6:03  Hatchery  
  83  6:04  Zergling x6  
  83  6:05  Baneling Nest  
  83  6:09  Overseer  
  83  6:11  Zergling x8  
  88  6:13  Drone  
  88  6:16  Drone  
  88  6:17  Drone x3  
  92  6:18  Zerg Melee Weapons Level 2  
  92  6:23  Drone x3  
  95  6:27  Zergling x6  
  95  6:32  Evolution Chamber  
  97  6:36  Overlord  
  97  6:38  Drone  
  97  6:39  Zergling x6  
  100  6:52  Drone x2, Zergling x8  
  104  6:54  Overlord  
  104  6:55  Overlord  
  104  6:56  Overlord  
  104  7:00  Drone  
  104  7:03  Drone  
  104  7:06  Zergling x8  
  104  7:08  Centrifugal Hooks, Zerg Missile Weapons Level 1  
  106  7:09  Glial Reconstitution  
  106  7:13  Infestation Pit, Drone  
  106  7:14  Zergling x2  
  107  7:17  Drone  
  107  7:18  Zergling x2  
  107  7:24  Zergling x4  
  107  7:28  Drone x4  
  114  7:30  Zergling x8  
  114  7:36  Zergling x8  
  119  7:39  Queen  
  115  7:44  Spore Crawler  
  115  7:46  Zergling x6  
  115  7:48  Zergling x6  
  114  7:51  Zergling x2  
  114  7:57  Zergling x6  
  117  8:00  Zergling x10  
  117  8:03  Zergling x2, Hatchery  
  120  8:06  Roach x2  
  120  8:07  Roach x2, Hive  
  120  8:09  Drone x2  
  120  8:11  Drone  
  131  8:14  Drone x2  
  131  8:15  Baneling  
  131  8:16  Baneling x8  
  131  8:17  Overlord  
  133  8:21  Extractor  
  133  8:23  Zergling x6  
  133  8:26  Drone  
  134  8:31  Drone  
  135  8:34  Overlord x2  
  135  8:37  Drone  
  135  8:39  Drone x2  
  135  8:40  Zergling x18  
  144  8:41  Overlord  
  144  8:45  Drone  
  141  8:49  Roach  
  141  8:50  Drone x2  
  141  8:53  Zerg Ground Armor Level 1  
  142  8:55  Roach  
  142  8:57  Baneling x11  
  142  9:02  Spore Crawler  
  141  9:03  Drone  
  141  9:04  Drone x2  
  141  9:05  Overlord  
  141  9:07  Zergling x2  
  141  9:08  Zergling x20  
  155  9:13  Baneling x7, Hatchery  
  155  9:15  Roach x3  
  158  9:18  Zergling x2  
  157  9:26  Ultralisk Cavern, Adrenal Glands  
  157  9:27  Zergling x6  
  157  9:29  Zergling x4  
  157  9:30  Drone  
  160  9:33  Zergling x2  
  160  9:34  Zergling x10  
  160  9:37  Zergling x8  
  167  9:40  Zergling x6  
  167  9:43  Overlord  
  167  9:45  Pneumatized Carapace  
  169  9:48  Drone x2  
  171  9:53  Zergling x6  
  171  9:55  Ravager x2, Baneling x4  
  171  9:56  Ravager x2  
  171  9:57  Zergling x2  
  178  10:01  Zergling x2  
  178  10:02  Zergling x8  
  178  10:05  Zergling x10  
  185  10:10  Zergling x6  
  179  10:15  Zergling x8  
  179  10:16  Baneling x15  
  179  10:20  Zergling x4  
  185  10:26  Zergling x2  
  185  10:27  Zergling x4  
  185  10:28  Zergling x10  
  193  10:35  Zergling x12  
  196  10:40  Zergling x4  
  190  10:47  Zergling x14  
  189  10:52  Zergling x12  
  189  10:56  Zergling x4  
  191  11:00  Zergling x8  
  195  11:08  Zergling x4  
  190  11:24  Ravager x2  
Show
View Real Time Build Order
Export as new Build Order

Nice Protoss 

Build Orders: 1 Gate Expand, Oracle Opening 

Get SALT Encoding   

  12  0:00  Probe  
  13  0:12  Probe  
  14  0:20  Pylon  
  14  0:25  Probe  
  15  0:38  Probe (Chrono Boost)  
  15  0:41  Gateway  
  17  0:50  Probe (Chrono Boost)  
  17  0:52  Assimilator  
  17  0:55  Probe (Chrono Boost)  
  18  1:05  Probe  
  19  1:17  Probe  
  20  1:30  Nexus  
  20  1:41  Cybernetics Core  
  20  1:50  Probe, Assimilator  
  21  1:58  Pylon  
  21  2:02  Probe  
  22  2:14  Probe (Chrono Boost)  
  22  2:15  Adept (Chrono Boost)  
  25  2:26  Probe (Chrono Boost)  
  25  2:28  Stargate  
  26  2:31  Probe (Chrono Boost)  
  26  2:36  Warp Gate  
  27  2:39  Adept  
  27  2:44  Probe (Chrono Boost)  
  31  2:45  Probe (Chrono Boost)  
  31  2:52  Probe (Chrono Boost)  
  31  2:55  Probe (Chrono Boost)  
  33  2:59  Gateway  
  33  3:00  Probe  
  34  3:10  Oracle (Chrono Boost)  
  34  3:14  Probe  
  34  3:18  Probe  
  39  3:26  Probe  
  40  3:30  Probe  
  41  3:38  Probe  
  41  3:40  Nexus  
  42  3:42  Oracle (Chrono Boost)  
  45  3:49  Pylon  
  45  3:52  Probe  
  46  3:59  Pylon  
  46  4:07  Probe x2  
  46  4:09  Oracle (Chrono Boost)  
  48  4:10  Shield Battery  
  51  4:19  Probe x2  
  51  4:22  Assimilator  
  53  4:24  Assimilator  
  53  4:29  Twilight Council  
  53  4:31  Probe x2  
  53  4:33  Forge  
  55  4:38  Pylon  
  55  4:41  Pylon  
  55  4:44  Probe (Chrono Boost)  
  55  4:49  Probe (Chrono Boost)  
  56  4:56  Protoss Ground Weapons Level 1, Probe (Chrono Boost)  
  56  4:58  Stalker x2  
  63  5:00  Probe x2 (Chrono Boost)  
  63  5:02  Probe (Chrono Boost)  
  63  5:04  Probe (Chrono Boost)  
  65  5:08  Probe  
  65  5:11  Probe  
  65  5:12  Blink (Chrono Boost)  
  67  5:19  Probe  
  67  5:20  Probe  
  69  5:23  Probe  
  69  5:25  Stalker  
  69  5:28  Pylon  
  70  5:31  Probe  
  69  5:38  Stalker  
  69  5:39  Probe  
  69  5:40  Probe  
  69  5:42  Pylon  
  73  5:47  Probe  
  72  5:51  Sentry, Probe  
  72  5:52  Probe  
  76  5:59  Probe  
  76  6:01  Gateway  
  76  6:03  Gateway  
  76  6:04  Probe  
  78  6:05  Gateway  
  78  6:06  Probe  
  78  6:07  Gateway  
  78  6:10  Sentry  
  81  6:12  Gateway  
  81  6:17  Stalker  
  82  6:18  Probe x3  
  84  6:27  Gateway  
  84  6:29  Pylon x2  
  84  6:32  Probe x3  
  87  6:34  Nexus  
  87  6:44  Probe x2  
  87  6:45  Probe  
  90  6:47  Pylon  
  90  6:50  Pylon  
  90  6:51  Stalker x2  
  90  6:57  Stalker x2  
  90  6:59  Probe x2  
  90  7:00  Probe  
  90  7:03  Protoss Ground Weapons Level 2 (Chrono Boost)  
  88  7:09  Charge  
  88  7:10  Pylon  
  88  7:11  Probe x2  
  88  7:12  Probe  
  88  7:15  Forge  
  91  7:16  Sentry, Shield Battery  
  91  7:22  Stalker  
  91  7:23  Stalker, Probe x2  
  91  7:27  Stalker, Pylon  
  91  7:29  Stalker  
  101  7:33  Stalker  
  102  7:38  Stalker  
  96  7:45  Probe x3  
  96  7:47  Stalker  
  96  7:49  Probe  
  96  7:53  Stalker  
  96  7:57  Probe x3, Shield Battery  
  101  7:59  Stalker  
  101  8:02  Probe  
  101  8:03  Protoss Ground Armor Level 1 (Chrono Boost)  
  101  8:05  Stalker x2  
  105  8:09  Probe x3  
  108  8:17  Gateway  
  108  8:18  Photon Cannon, Gateway  
  108  8:20  Stalker  
  108  8:21  Pylon  
  108  8:26  Photon Cannon  
  110  8:28  Gateway  
  110  8:30  Probe x3, Gateway  
  113  8:37  Stalker  
  113  8:38  Stalker x3  
  119  8:43  Stalker  
  121  8:54  Gateway  
  121  8:57  Gateway  
  121  8:58  Photon Cannon  
  121  8:59  Photon Cannon, Shield Battery  
  121  9:01  Templar Archives  
  121  9:04  Assimilator x2  
  121  9:06  Stalker, Sentry  
  121  9:07  Sentry x2  
  129  9:23  Stalker x3  
  135  9:30  Stalker x2  
  136  9:38  Stalker x3  
  136  9:48  Assimilator  
  136  9:53  Zealot x6  
  136  9:54  Zealot x2  
  136  9:55  Pylon x2  
  136  9:59  Photon Cannon  
  152  10:00  Photon Cannon  
  152  10:01  Shield Battery  
  140  10:15  Photon Cannon, Gateway  
  140  10:16  Photon Cannon  
  140  10:18  Shield Battery  
  140  10:19  Stalker x3  
  140  10:20  Stalker  
  141  10:37  Stalker  
  141  10:38  Stalker x2  
  147  10:44  Stalker x4  
  155  10:59  Gateway  
  155  11:01  Gateway  
  155  11:04  Gateway  
  153  11:05  Pylon  
  153  11:06  Pylon  
  153  11:08  Pylon  
  143  11:23  Nexus  

Tags
 
Add a new tag
Caveats
  • Supply blocks, unpowered buildings, or Contaminate may cause inaccurate times.
  • Supply counts are checked every 10 seconds.